Map: Lightshade LE

Players

RiSky - Winner!

  • Race: Zerg Zerg
  • Spawn Location: 11:00

Azure

  • Race: Terran Terran
  • League: Grandmaster
  • Spawn Location: 5:00

Event: DreamHack SC2 Masters 2020 Winter

VOD

Have the link to the VOD?

Description

Time

  • Played on: Oct. 16, 2020, 4:45 a.m.
  • Length: 20:52

All games in this series

Show
View Real Time Build Order
Export as new Build Order

RiSky Zerg - Winner!

Build Orders: Hatch First, Lurkers 

Get SALT Encoding   

  12  0:00  Drone  
  13  0:12  Overlord  
  13  0:17  Drone  
  14  0:30  Drone x2  
  16  0:47  Hatchery  
  15  0:50  Drone  
  15  0:54  Drone  
  17  0:57  Drone  
  18  1:09  Extractor  
  17  1:12  Spawning Pool  
  17  1:16  Drone  
  17  1:19  Drone  
  18  1:28  Drone  
  19  1:39  Drone  
  20  1:49  Overlord  
  20  1:59  Queen x2  
  20  2:00  Zergling x4  
  26  2:10  Drone  
  26  2:11  Drone  
  26  2:14  Metabolic Boost  
  28  2:21  Drone x2  
  30  2:35  Hatchery  
  29  2:39  Drone  
  30  2:45  Queen  
  30  2:49  Overlord  
  32  2:53  Drone  
  32  2:54  Drone  
  32  2:57  Drone  
  35  3:01  Pneumatized Carapace  
  35  3:04  Drone  
  36  3:11  Drone  
  36  3:12  Drone x2  
  39  3:16  Overlord  
  39  3:18  Drone  
  41  3:20  Drone  
  41  3:23  Drone  
  42  3:27  Drone  
  42  3:33  Drone  
  44  3:34  Queen  
  44  3:39  Drone  
  47  3:45  Zergling x2  
  47  3:47  Queen, Drone x2  
  52  3:51  Overlord  
  52  3:52  Drone x2  
  52  3:54  Queen  
  57  4:02  Drone  
  57  4:05  Overlord  
  57  4:06  Drone, Baneling Nest  
  57  4:07  Drone  
  58  4:11  Overlord  
  58  4:13  Zergling x4  
  60  4:18  Drone x3  
  60  4:20  Evolution Chamber  
  60  4:23  Overlord  
  62  4:24  Drone x2  
  62  4:25  Extractor  
  62  4:28  Drone x2  
  62  4:30  Drone  
  66  4:35  Overlord  
  66  4:38  Drone  
  66  4:40  Drone  
  66  4:42  Lair  
  68  4:45  Drone x2  
  68  4:46  Drone  
  68  4:49  Drone  
  68  4:50  Drone  
  73  4:54  Drone  
  73  4:55  Extractor  
  73  4:57  Drone x4  
  73  4:59  Hatchery  
  76  5:03  Zerg Ground Armor Level 1  
  76  5:05  Zergling x4  
  78  5:11  Drone x2  
  80  5:14  Extractor  
  80  5:15  Overlord, Extractor  
  80  5:16  Zergling x6  
  81  5:24  Baneling x4  
  81  5:27  Zergling x12  
  87  5:34  Overlord  
  89  5:35  Drone x2  
  89  5:38  Baneling x4  
  89  5:39  Drone x2, Extractor  
  90  5:43  Drone x2  
  90  5:46  Drone  
  90  5:47  Drone  
  94  5:50  Baneling  
  94  5:51  Evolution Chamber, Drone x2  
  95  5:57  Centrifical Hooks  
  95  6:02  Zergling x2  
  95  6:03  Zergling x14  
  101  6:07  Drone x3  
  104  6:16  Zergling x8, Hydralisk Den, Baneling x2  
  104  6:18  Zerg Melee Weapons Level 1  
  107  6:19  Zergling x2  
  108  6:25  Zergling x2  
  108  6:26  Zergling x4  
  108  6:29  Zergling x2  
  111  6:34  Baneling x2  
  111  6:35  Zergling x8  
  111  6:38  Drone  
  116  6:43  Drone x2  
  116  6:46  Hatchery  
  117  6:48  Infestation Pit, Drone x3  
  117  6:49  Overlord x2  
  119  6:58  Spore Crawler  
  119  6:59  Overlord  
  103  7:02  Zergling x18  
  103  7:07  Zergling x6  
  111  7:13  Hydralisk Den  
  108  7:17  Drone x2  
  108  7:18  Drone x2  
  108  7:19  Zerg Ground Armor Level 2, Drone  
  113  7:26  Drone x2  
  113  7:27  Drone  
  116  7:30  Hive  
  116  7:32  Drone x2  
  116  7:33  Drone x2  
  120  7:38  Baneling x12  
  120  7:41  Drone x2  
  120  7:43  Drone x2  
  124  7:49  Drone x2  
  124  7:50  Drone x2  
  128  7:56  Spore Crawler  
  126  8:05  Overseer  
  122  8:09  Zergling x24  
  133  8:16  Spore Crawler  
  132  8:21  Hatchery  
  132  8:24  Zergling x2  
  132  8:25  Zergling x10  
  137  8:28  Muscular Augments  
  137  8:31  Drone x5  
  140  8:37  Drone x2  
  140  8:38  Zerg Missile Weapons Level 1  
  139  8:42  Adrenal Glands  
  139  8:44  Lurker Den, Baneling x8  
  139  8:48  Drone x4  
  142  8:53  Zergling x10  
  147  8:59  Zergling x14  
  146  9:08  Overseer  
  143  9:20  Drone x10  
  147  9:28  Hydralisk  
  147  9:30  Overlord x4  
  147  9:31  Overlord x4  
  149  9:36  Baneling x8  
  149  9:37  Baneling x3  
  149  9:47  Hydralisk x3  
  149  9:48  Extractor  
  149  9:49  Hydralisk, Extractor  
  149  9:50  Hydralisk x5  
  159  9:53  Hydralisk x3  
  165  10:05  Lurker  
  165  10:06  Seismic Spines  
  166  10:12  Drone x13  
  174  10:15  Extractor  
  174  10:17  Extractor  
  174  10:19  Drone x7  
  156  10:26  Lurker x2  
  156  10:27  Lurker x5  
  161  10:29  Drone  
  161  10:30  Drone x4  
  161  10:32  Drone  
  161  10:33  Drone  
  169  10:35  Drone  
  161  10:51  Extractor  
  161  10:56  Zergling x36  
  177  11:01  Hydralisk  
  177  11:03  Adaptive Talons  
  178  11:07  Hydralisk x5  
  174  11:13  Queen  
  174  11:14  Hydralisk x5  
  174  11:18  Baneling x5  
  186  11:21  Hydralisk  
  186  11:22  Hydralisk x3  
  194  11:27  Zerg Missile Weapons Level 2  
  194  11:31  Spore Crawler  
  193  11:33  Spore Crawler  
  193  11:34  Hatchery  
  193  11:35  Lurker x2  
  193  11:36  Zergling x14  
  198  11:44  Lurker x2  
  190  12:02  Zergling x18  
  199  12:14  Lurker  
  199  12:16  Zerg Melee Weapons Level 2  
  199  12:18  Spire  
  198  12:24  Baneling x14  
  197  12:33  Zergling x2  
  197  12:34  Zergling x30  
  190  12:40  Hydralisk x4  
  167  12:45  Hydralisk x7  
  173  12:53  Hydralisk x3  
  176  13:01  Zergling x14  
  183  13:08  Zergling x10  
  183  13:11  Hatchery  
  183  13:12  Zergling x2  
  188  13:13  Queen x2  
  188  13:18  Zergling x2  
  188  13:19  Zergling x8  
  195  13:28  Lurker x5  
  195  13:34  Overseer  
  200  13:35  Zerg Flyer Weapons Level 1, Spore Crawler x2  
  192  13:41  Lurker x2  
  192  13:46  Overseer  
  189  13:49  Lurker x2  
  189  14:01  Zergling x30  
  188  14:15  Hydralisk x11  
  187  14:22  Hydralisk x3  
  180  14:26  Hydralisk  
  175  14:32  Overseer  
  175  14:34  Hydralisk x3  
  175  14:36  Zergling x10  
  186  14:47  Zergling x12  
  186  14:48  Overseer  
  186  14:50  Drone x6  
  198  14:53  Baneling x13  
  198  15:05  Zergling x14  
  195  15:09  Zerg Missile Weapons Level 3  
  195  15:11  Zergling x12  
  185  15:22  Zergling x14  
  185  15:25  Grooved Spines  
  185  15:26  Hydralisk  
  185  15:28  Queen x5  
  198  15:38  Lurker x2  
  200  15:43  Zerg Melee Weapons Level 3  
  200  15:54  Hydralisk x9  
  191  15:58  Zergling x20  
  191  16:03  Extractor  
  199  16:04  Extractor  
  199  16:11  Zergling x4  
  200  16:12  Zerg Flyer Weapons Level 2  
  200  16:13  Hatchery  
  199  16:20  Lurker  
  198  16:29  Zergling x18  
  192  16:48  Viper x3  
  183  16:57  Overseer  
  183  16:58  Zergling x42  
  199  17:10  Hydralisk x4  
  199  17:14  Hydralisk x4  
  199  17:15  Hydralisk x2  
  195  17:17  Hydralisk  
  195  17:20  Hydralisk x5  
  185  17:24  Hydralisk  
  185  17:26  Hydralisk x3  
  188  17:35  Hydralisk x7  
  194  17:46  Zerg Ground Armor Level 3  
  194  17:48  Lurker x5  
  197  17:53  Hatchery  
  195  18:08  Drone x3  
  195  18:09  Drone x2  
  193  18:18  Queen  
  193  18:19  Queen  
  193  18:20  Overlord x4  
  193  18:21  Overseer x2  
  193  18:23  Lurker x2  
  193  18:27  Overlord x2  
  193  18:28  Overlord, Overseer  
  182  18:51  Hydralisk x11  
  193  18:57  Hydralisk x2  
  199  19:05  Hatchery  
  199  19:07  Lurker x5  
  199  19:08  Lurker x2  
  195  19:10  Viper  
  195  19:16  Zergling x2  
  199  19:20  Overseer  
  199  19:30  Zergling x22  
  189  19:52  Zergling x26  
  189  20:07  Overseer  
  189  20:11  Extractor  
  177  20:14  Extractor  
  177  20:21  Hydralisk x13  
  196  20:34  Lurker x6  
Show
View Real Time Build Order
Export as new Build Order

Azure Terran 

Build Orders: Reaper Expand 

Get SALT Encoding   

  12  0:00  SCV  
  13  0:12  SCV  
  14  0:17  Supply Depot  
  14  0:24  SCV  
  15  0:39  SCV  
  15  0:40  Barracks  
  16  0:45  Refinery  
  16  0:51  SCV  
  17  1:03  SCV  
  18  1:15  SCV  
  19  1:28  Reaper, Orbital Command  
  20  1:40  Command Center  
  20  1:50  Supply Depot  
  20  1:54  SCV  
  20  1:59  Marine  
  22  2:06  SCV  
  23  2:13  Factory  
  23  2:18  SCV  
  24  2:23  Barracks Reactor  
  24  2:31  SCV  
  25  2:40  Command Center  
  25  2:47  SCV  
  26  2:53  Orbital Command  
  26  3:01  Barracks  
  26  3:02  SCV  
  27  3:09  Hellion  
  27  3:12  Hellion  
  31  3:13  Marine  
  31  3:16  SCV  
  31  3:19  SCV  
  34  3:23  Refinery  
  34  3:28  SCV  
  34  3:31  SCV  
  40  3:37  Barracks Tech Lab  
  40  3:40  SCV  
  37  3:43  SCV  
  38  3:50  Factory Reactor, Starport  
  38  3:53  SCV  
  38  3:54  Orbital Command  
  38  3:55  SCV, Refinery  
  40  3:58  Marine x2  
  40  4:01  Marine  
  43  4:04  Stimpack  
  43  4:05  SCV  
  43  4:07  SCV  
  45  4:16  Marine x2  
  47  4:17  SCV  
  47  4:18  Marine  
  47  4:19  SCV  
  47  4:21  SCV, Supply Depot  
  51  4:29  SCV  
  52  4:31  SCV  
  52  4:32  Factory  
  52  4:33  SCV  
  52  4:34  Medivac, Refinery  
  52  4:35  Marine  
  52  4:37  Marine  
  52  4:38  Marine  
  58  4:41  SCV  
  58  4:43  Factory Reactor  
  58  4:45  SCV  
  61  4:47  SCV  
  61  4:48  Supply Depot  
  61  4:50  Medivac  
  64  4:53  SCV  
  64  4:56  Marine x2  
  64  4:57  SCV  
  64  4:58  Marine  
  69  5:05  Supply Depot  
  69  5:07  Supply Depot  
  69  5:09  SCV x3  
  69  5:11  Armory  
  69  5:14  Marine x2  
  72  5:18  Marine, Factory Tech Lab  
  75  5:21  SCV x2  
  75  5:23  Orbital Command  
  77  5:31  Supply Depot  
  77  5:32  Marine x2  
  79  5:36  Marine  
  79  5:37  SCV  
  79  5:38  SCV  
  79  5:39  Widow Mine  
  79  5:41  Widow Mine x2  
  79  5:42  Medivac  
  90  5:49  Engineering Bay, Marine x2  
  91  5:50  SCV  
  91  5:52  Engineering Bay  
  91  5:54  Marine  
  91  5:55  Combat Shield  
  91  5:56  SCV  
  95  5:57  SCV  
  96  6:07  SCV, Marine x2  
  96  6:08  SCV  
  96  6:10  Widow Mine  
  101  6:13  Supply Depot  
  101  6:16  Supply Depot x2  
  101  6:24  Marine  
  101  6:25  SCV, Marine  
  101  6:28  Marine  
  101  6:35  SCV x2, Medivac, Widow Mine x2  
  101  6:36  Supply Depot, Terran Infantry Weapons Level 1  
  101  6:37  SCV, Terran Infantry Armor Level 1  
  101  6:38  Widow Mine  
  101  6:39  Barracks  
  112  6:42  Marine, Barracks  
  112  6:43  Marine  
  112  6:46  Marine  
  115  6:47  SCV  
  115  6:48  Barracks  
  116  6:57  Widow Mine x2  
  116  6:59  Medivac, Widow Mine  
  116  7:00  Marine  
  125  7:01  Marine  
  125  7:04  Marine  
  125  7:06  Medivac  
  128  7:10  SCV x2  
  128  7:11  SCV  
  131  7:18  Widow Mine  
  131  7:21  Widow Mine  
  131  7:22  Marine x2  
  133  7:23  Supply Depot  
  133  7:25  Supply Depot, Widow Mine  
  133  7:36  Barracks Reactor x2, Supply Depot  
  133  7:37  Barracks Reactor  
  133  7:38  Command Center  
  133  7:45  SCV x2, Medivac x2, Widow Mine  
  133  7:46  Marine x2  
  133  7:47  SCV, Marauder, Widow Mine  
  133  7:49  Supply Depot x3  
  148  7:58  Widow Mine  
  150  8:04  Marine x2  
  152  8:07  Widow Mine  
  152  8:08  Marine, Widow Mine  
  155  8:15  Medivac  
  155  8:17  Marine  
  155  8:18  Marine x2  
  155  8:19  Widow Mine  
  162  8:20  Barracks x2  
  162  8:22  Medivac, Marine x2, Barracks  
  162  8:23  Marine x2  
  162  8:25  Marine  
  162  8:26  Marine  
  164  8:28  Widow Mine  
  164  8:30  Widow Mine  
  160  8:34  Terran Infantry Weapons Level 2  
  160  8:35  Marine x2  
  160  8:36  Marine  
  160  8:37  Terran Infantry Armor Level 2  
  160  8:40  Marine x2  
  160  8:41  Widow Mine  
  167  8:42  Marine  
  167  8:43  Supply Depot x2, Marine  
  167  8:44  Marauder  
  167  8:45  Medivac  
  169  8:48  Marine  
  169  8:49  Widow Mine  
  169  8:51  Supply Depot, Widow Mine  
  169  8:53  Marine x2  
  169  8:54  Refinery x2, Marine  
  177  8:58  Marine  
  177  9:00  Marine x2  
  177  9:02  Widow Mine  
  177  9:05  Marine  
  178  9:11  Widow Mine  
  178  9:12  Widow Mine  
  178  9:16  Marine  
  178  9:17  Marauder, Marine  
  183  9:24  Widow Mine  
  180  9:27  SCV x2  
  180  9:28  SCV  
  183  9:32  Widow Mine  
  183  9:34  Widow Mine, Marine x2  
  183  9:35  Barracks Tech Lab  
  183  9:36  Barracks Tech Lab x2  
  189  9:39  SCV  
  189  9:45  Marauder, Marine x5, Widow Mine  
  197  9:49  Planetary Fortress  
  194  9:57  Marauder, Marine x2  
  194  9:58  Marauder  
  182  10:25  Marauder, Marine x2  
  182  10:27  SCV x2  
  187  10:29  Marine  
  187  10:30  Marauder, Command Center  
  187  10:31  Concussive Shells  
  187  10:35  Liberator x2  
  193  10:44  Marauder, Marine  
  193  10:48  Marine x3  
  193  10:49  Marauder, Marine  
  195  11:06  Marine x2  
  195  11:07  Marauder  
  178  11:11  Marine x3  
  178  11:12  Marauder, Marine, Widow Mine x2  
  178  11:13  Widow Mine  
  178  11:14  Terran Infantry Armor Level 3  
  178  11:16  Terran Infantry Weapons Level 3  
  178  11:18  Marauder, Liberator x2  
  198  11:19  Command Center  
  198  11:21  Command Center  
  198  11:24  Marauder  
  200  11:27  Refinery  
  195  11:47  Marine x2  
  195  11:50  Marine  
  195  11:51  Marauder  
  199  11:56  Supply Depot, Marine  
  199  11:59  Sensor Tower  
  199  12:00  Widow Mine  
  200  12:08  Marauder  
  200  12:10  Marauder  
  200  12:11  Marine x2  
  200  12:12  Marauder  
  200  12:15  Marauder  
  200  12:35  Marauder, Marine x4  
  200  12:36  Marauder, Marine x3  
  200  12:37  Marauder, Marine x2  
  183  12:38  Widow Mine x2  
  162  12:46  Widow Mine  
  162  12:48  Medivac x2  
  161  12:53  Marine x6  
  161  12:54  Marine x2  
  161  12:55  Marauder  
  161  12:57  Marauder x2  
  163  12:58  Marauder  
  163  13:00  Orbital Command, Widow Mine  
  167  13:10  Marine  
  167  13:11  Marine x5  
  167  13:12  Marine x2  
  174  13:13  Starport  
  174  13:17  Marauder, Liberator  
  174  13:18  Marauder, Marine, Liberator  
  174  13:19  Marine  
  179  13:28  Planetary Fortress, Marine x2  
  179  13:29  Marine  
  179  13:30  Marine x3  
  179  13:32  Marine x2  
  187  13:36  Marauder  
  187  13:37  Marine  
  187  13:38  Marauder  
  187  13:40  Marauder  
  194  13:46  Marine x3  
  194  13:48  Marine x3  
  197  13:55  Marine x2  
  196  13:56  Marauder  
  196  13:58  Marauder  
  196  13:59  Marauder  
  195  14:06  Liberator x2  
  195  14:08  Marine x2  
  195  14:09  Marauder  
  164  14:17  Marine  
  164  14:18  Reaper  
  164  14:19  Marine  
  164  14:22  Marine  
  147  14:31  Marauder  
  147  14:33  Orbital Command, Marine  
  147  14:36  Missile Turret  
  147  14:37  Marine x2  
  146  14:39  Marine  
  146  14:41  Marine  
  146  14:43  Marine  
  149  14:47  Marine  
  149  14:48  Marine  
  149  14:49  Widow Mine, Marine  
  149  14:52  Marine  
  153  14:56  Marauder, Marine  
  157  15:05  Marine  
  157  15:06  Marauder, Marine  
  161  15:11  Marine, Widow Mine  
  161  15:12  Marauder, Widow Mine  
  161  15:13  Marine  
  147  15:23  Marauder, Marine x4  
  147  15:27  Marine  
  148  15:29  Marine, Liberator  
  148  15:31  Marine  
  148  15:35  Marine  
  153  15:42  Marine x3  
  149  15:43  Marauder, Marine  
  147  15:54  Orbital Command  
  147  15:56  Marine  
  147  15:57  Marauder x2, Marine x4  
  147  15:58  Widow Mine  
  147  15:59  Widow Mine x2  
  161  16:04  Marauder  
  161  16:06  Marine  
  161  16:09  Marine  
  163  16:15  Marine  
  163  16:17  Marine  
  169  16:18  Marauder, Marine  
  169  16:19  SCV  
  169  16:20  SCV x3, Widow Mine  
  169  16:21  SCV  
  169  16:23  Marine  
  169  16:24  Marine  
  177  16:29  Orbital Command  
  177  16:31  SCV, Marauder, Marine  
  177  16:32  Marine  
  181  16:33  Marauder  
  178  16:43  Marauder, Marine x2  
  182  16:48  Medivac x2  
  182  16:51  Marine x2  
  182  16:52  Marauder  
  182  16:53  Marine  
  182  16:54  Marauder, Marine  
  191  17:04  Marine x3  
  191  17:05  Marauder  
  177  17:16  Marine x2  
  177  17:17  Marauder  
  177  17:22  Marauder, Marine x3  
  153  17:23  Marauder  
  153  17:25  Marine x3  
  153  17:26  Marauder, Widow Mine x2  
  153  17:27  Widow Mine  
  156  17:34  Marine x2  
  140  17:38  Marauder  
  140  17:39  Marine  
  140  17:40  Marine x2  
  140  17:43  Marine  
  146  17:46  Marine  
  146  17:47  Marauder, Marine  
  146  17:48  Widow Mine x3  
  146  17:50  Marauder, Marine  
  159  17:52  Marine  
  159  17:57  Marine  
  159  17:58  Marine x2  
  159  17:59  Orbital Command, Marauder  
  159  18:00  Marine  
  159  18:01  Marine  
  160  18:08  Marauder, Marine  
  160  18:09  Widow Mine  
  160  18:12  Marine  
  167  18:16  Marine  
  168  18:21  Marauder, Orbital Command  
  168  18:22  Widow Mine x2  
  168  18:23  Marine x2  
  168  18:24  Marine x2  
  168  18:25  Marine x2, Liberator  
  179  18:28  Medivac  
  181  18:36  Marauder, Marine x3  
  181  18:39  Marauder  
  186  18:41  Marine x2  
  180  18:52  Marauder, Marine x4  
  169  18:59  Medivac x2, Marine x2  
  169  19:00  Marauder, Marine x2  
  169  19:01  Marauder, Marine  
  169  19:02  Widow Mine  
  141  19:03  Widow Mine x2  
  141  19:05  SCV  
  141  19:09  Marine x2  
  146  19:10  Medivac, Marine  
  146  19:11  Marine  
  146  19:13  Marine  
  153  19:17  Marine x3  
  153  19:18  Marine x2  
  153  19:21  Marauder  
  153  19:22  Marine  
  153  19:23  Widow Mine  
  163  19:24  Widow Mine x2  
  163  19:27  Marine x2  
  163  19:29  Medivac, Marauder  
  163  19:30  Marine  
  164  19:31  Marauder  
  164  19:35  Marine x4  
  164  19:36  Marine  
  161  19:40  Marauder  
  161  19:43  Marauder, Liberator  
  161  19:45  Widow Mine, Marine x2  
  162  19:46  Widow Mine  
  162  19:48  Widow Mine  
  162  19:52  Marauder, Marine  
  145  20:15  Marine  
  145  20:18  Marine x6  
  145  20:19  Marine x3, Widow Mine x2  
  134  20:29  Marine  
  134  20:30  Marauder  
  134  20:33  Marine  
Tags
 
Add a new tag
Caveats
  • Supply blocks, unpowered buildings, or Contaminate may cause inaccurate times.
  • Supply counts are checked every 10 seconds.